Map: King's Cove LE

Players

ALLMIGHT - Winner!

  • Race: Zerg Zerg
  • League: Grandmaster
  • Spawn Location: 11:00

IIIIIIIIIIII

  • Race: Terran Terran
  • League: Master
  • Spawn Location: 5:00

VOD

Have the link to the VOD?

Description

Time

  • Played on: Feb. 9, 2019, 3:12 a.m.
  • Length: 21:47
Show
View Real Time Build Order
Export as new Build Order

ALLMIGHT Zerg - Winner!

Build Orders: Hatch First, Muta Ling Bane 

Get SALT Encoding   

  12  0:02  Drone  
  13  0:12  Overlord  
  13  0:18  Drone  
  14  0:31  Drone x2  
  16  0:37  Drone  
  17  0:55  Hatchery  
  17  0:57  Drone  
  17  1:00  Drone  
  18  1:11  Extractor  
  17  1:17  Spawning Pool  
  17  1:18  Drone  
  17  1:22  Drone  
  18  1:32  Drone  
  19  1:44  Overlord  
  19  1:52  Drone  
  20  2:03  Queen  
  20  2:05  Zergling x2  
  20  2:06  Queen  
  20  2:07  Zergling x2  
  26  2:11  Metabolic Boost  
  26  2:13  Drone  
  27  2:18  Drone  
  28  2:28  Drone  
  29  2:31  Drone  
  30  2:48  Hatchery  
  29  2:53  Overlord  
  29  2:54  Drone x3  
  32  3:01  Drone x2  
  34  3:06  Drone  
  34  3:11  Queen  
  37  3:15  Drone x4  
  41  3:20  Zergling x6  
  41  3:26  Overlord  
  43  3:29  Overlord  
  42  3:39  Drone x2  
  44  3:44  Queen  
  46  3:50  Queen  
  46  3:51  Drone x4  
  52  4:02  Queen  
  52  4:03  Drone x4  
  55  4:17  Drone x6  
  55  4:21  Drone x4  
  65  4:31  Lair  
  65  4:35  Baneling Nest  
  65  4:38  Drone x2  
  66  4:40  Overlord x3  
  66  4:47  Extractor  
  66  4:48  Queen, Overlord  
  66  4:49  Extractor  
  66  4:51  Overlord  
  66  5:00  Drone x9  
  66  5:06  Spore Crawler  
  74  5:07  Spore Crawler  
  74  5:09  Spore Crawler  
  74  5:13  Drone x5  
  77  5:14  Queen  
  79  5:23  Zergling x8  
  79  5:27  Queen  
  85  5:33  Extractor  
  85  5:34  Spire, Extractor  
  85  5:35  Queen  
  82  5:41  Overlord x2  
  82  5:42  Drone x2  
  86  5:45  Overseer  
  86  5:50  Queen  
  86  5:52  Extractor  
  86  5:55  Drone x3  
  90  5:57  Drone x7  
  90  6:03  Drone  
  90  6:04  Drone  
  99  6:15  Centrifical Hooks  
  99  6:20  Evolution Chamber  
  99  6:22  Queen, Evolution Chamber  
  101  6:25  Zergling x14  
  101  6:26  Zergling x6  
  109  6:33  Hatchery  
  109  6:34  Zergling x2  
  109  6:48  Zerg Ground Armor Level 1, Zerg Melee Weapons Level 1  
  109  6:49  Zerg Flyer Weapons Level 1  
  109  6:59  Mutalisk  
  109  7:00  Mutalisk x5  
  121  7:02  Overlord x6  
  121  7:08  Spore Crawler x2  
  120  7:11  Spore Crawler  
  120  7:12  Overlord x2  
  120  7:13  Drone x2  
  120  7:30  Spore Crawler  
  120  7:34  Mutalisk  
  120  7:35  Mutalisk x5  
  123  7:52  Mutalisk x3  
  123  7:54  Queen x2  
  133  8:01  Mutalisk  
  133  8:03  Drone x13  
  146  8:13  Extractor  
  146  8:15  Spore Crawler, Extractor  
  146  8:17  Hatchery, Mutalisk x3  
  146  8:23  Mutalisk  
  148  8:42  Hatchery  
  145  8:49  Zerg Ground Armor Level 2  
  145  8:50  Zerg Melee Weapons Level 2  
  145  8:52  Zerg Flyer Armor Level 1  
  145  9:05  Hatchery  
  145  9:07  Mutalisk x3  
  145  9:09  Overseer  
  150  9:17  Zergling x12  
  150  9:18  Zergling x22  
  167  9:28  Infestation Pit  
  164  9:47  Zergling x12  
  164  9:48  Zergling x24  
  182  9:57  Zergling x10  
  187  10:15  Zergling x18  
  187  10:17  Overlord x3  
  194  10:27  Hive  
  192  10:41  Nydus Network  
  191  10:45  Drone x8  
  191  10:46  Drone  
  191  10:48  Baneling  
  191  10:49  Baneling x20  
  200  10:50  Baneling x25  
  200  10:51  Baneling x21  
  200  10:52  Baneling x4  
  200  10:53  Baneling  
  198  11:15  Zergling x4  
  198  11:18  Baneling x17  
  200  11:19  Baneling x5  
  200  11:30  Baneling  
  200  11:31  Baneling x9  
  200  11:38  Nydus Canal  
  188  11:58  Nydus Canal  
  168  12:03  Zergling x2  
  168  12:04  Zergling x38  
  173  12:15  Zergling x54  
  185  12:16  Zergling x8  
  157  12:46  Zergling x36  
  170  12:58  Zergling x16  
  159  13:00  Pathogen Glands  
  155  13:06  Zerg Melee Weapons Level 3, Adrenal Glands, Zerg Ground Armor Level 3  
  155  13:08  Zerg Flyer Weapons Level 2  
  155  13:14  Corruptor x7  
  155  13:15  Corruptor  
  171  13:21  Extractor  
  171  13:22  Baneling  
  171  13:23  Baneling x16  
  171  13:24  Extractor  
  166  13:34  Zergling x20  
  169  13:44  Zergling x8  
  169  13:45  Zergling x6  
  158  13:51  Zergling x14  
  156  14:08  Zergling x20  
  131  14:14  Drone x2  
  122  14:19  Neural Parasite  
  122  14:28  Drone  
  123  14:34  Overseer  
  123  14:38  Overseer  
  123  14:41  Infestor x3  
  123  14:42  Infestor x4  
  137  14:46  Baneling x6  
  137  14:49  Overseer  
  137  14:51  Drone x6  
  137  14:52  Drone x2  
  145  14:55  Drone x2  
  145  14:56  Drone  
  145  14:57  Drone  
  149  15:09  Infestor  
  149  15:10  Infestor  
  153  15:16  Overseer  
  153  15:26  Infestor x2  
  157  15:31  Zergling x28  
  154  15:57  Baneling x4  
  154  16:02  Greater Spire  
  154  16:03  Overlord x8  
  154  16:06  Burrow  
  150  16:28  Drone x14  
  150  16:29  Drone x3  
  150  16:30  Extractor  
  159  16:43  Drone x13  
  158  16:50  Drone x5  
  163  16:56  Pneumatized Carapace, Overseer x2  
  163  16:58  Corruptor  
  163  16:59  Corruptor  
  167  17:18  Brood Lord x7  
  175  17:38  Spore Crawler x2  
  175  17:40  Spine Crawler  
  175  17:44  Zerg Flyer Armor Level 2  
  172  17:46  Spore Crawler  
  172  17:47  Spine Crawler  
  170  17:51  Hatchery  
  170  17:52  Corruptor x4  
  177  18:00  Drone x3  
  177  18:01  Spine Crawler  
  177  18:02  Spine Crawler  
  177  18:03  Spore Crawler  
  177  18:04  Drone x5  
  177  18:05  Extractor x2  
  180  18:16  Zergling x28  
  194  18:32  Hatchery  
  177  18:51  Corruptor x9  
  177  18:53  Infestor x11  
  195  19:00  Baneling x8  
  194  19:07  Drone x2  
  195  19:18  Baneling x4  
  195  19:23  Spine Crawler  
  194  19:27  Spine Crawler  
  189  19:34  Hatchery  
  188  19:59  Zergling x22  
  200  20:00  Zergling x2  
  200  20:13  Hatchery  
  183  21:14  Zergling x18  
  183  21:15  Zergling x20  
Show
View Real Time Build Order
Export as new Build Order

IIIIIIIIIIII Terran 

Build Orders: Mech 

Get SALT Encoding   

  12  0:00  SCV  
  13  0:13  SCV  
  14  0:18  Supply Depot  
  14  0:25  SCV  
  15  0:29  Refinery  
  15  0:39  SCV  
  16  0:46  Barracks  
  16  0:52  SCV  
  17  1:04  SCV  
  18  1:16  SCV  
  19  1:33  Orbital Command, Marine  
  20  1:46  Command Center  
  20  1:51  Marine  
  21  2:00  Factory  
  21  2:04  SCV  
  22  2:14  Marine, Supply Depot  
  23  2:19  Refinery  
  23  2:35  SCV, Marine  
  25  2:46  Hellion  
  25  2:47  SCV  
  28  2:53  Starport  
  28  2:54  Starport  
  28  3:02  Orbital Command  
  28  3:07  SCV  
  29  3:17  Refinery  
  30  3:20  SCV  
  30  3:29  SCV  
  30  3:32  SCV  
  32  3:40  Fusion Core  
  32  3:41  SCV  
  32  3:44  SCV  
  32  3:45  Refinery  
  34  3:48  Starport Tech Lab x2  
  34  3:54  SCV  
  35  3:56  SCV  
  35  3:59  Factory Tech Lab  
  36  4:08  SCV  
  32  4:18  SCV  
  33  4:29  Battlecruiser  
  39  4:36  SCV  
  40  4:39  SCV  
  41  4:48  SCV  
  42  4:54  SCV  
  42  4:59  Supply Depot  
  43  5:03  Bunker  
  43  5:07  Weapon Refit  
  43  5:13  Supply Depot  
  43  5:16  SCV  
  43  5:17  SCV  
  43  5:21  Battlecruiser  
  51  5:28  SCV  
  52  5:36  Battlecruiser  
  52  5:37  SCV  
  60  5:42  SCV  
  60  5:49  SCV  
  61  5:50  Supply Depot  
  61  5:53  Supply Depot  
  61  5:56  SCV  
  62  6:03  Supply Depot  
  62  6:12  Siege Tank, SCV  
  62  6:17  SCV  
  67  6:20  Command Center  
  67  6:23  Factory  
  67  6:24  SCV  
  68  6:29  SCV  
  68  6:30  Engineering Bay  
  69  6:36  SCV  
  69  6:38  Factory  
  70  6:41  SCV  
  70  6:47  Siege Tank  
  74  6:48  SCV  
  74  6:53  SCV  
  76  6:58  Mag-Field Accelerator  
  76  7:00  SCV  
  77  7:01  Missile Turret  
  77  7:03  Missile Turret  
  77  7:05  SCV  
  78  7:12  SCV  
  79  7:16  Armory, Factory Tech Lab  
  79  7:17  SCV, Supply Depot  
  79  7:19  Cyclone  
  83  7:28  Factory Reactor  
  83  7:50  Cyclone  
  83  7:51  Siege Tank  
  89  7:55  Orbital Command  
  89  8:04  SCV  
  90  8:06  Factory  
  90  8:09  Factory  
  90  8:13  SCV  
  90  8:16  Widow Mine x2  
  90  8:19  Missile Turret  
  89  8:22  Cyclone  
  89  8:23  Cyclone  
  89  8:25  SCV  
  96  8:28  Orbital Command  
  96  8:39  Hellion x2  
  96  8:41  SCV  
  101  8:47  SCV  
  102  8:53  Terran Vehicle And Ship Armor Level 1  
  102  8:54  Thor  
  108  8:55  Armory  
  108  8:56  Factory Tech Lab x2  
  108  8:57  SCV  
  108  8:59  Missile Turret  
  109  9:17  Refinery  
  109  9:18  Supply Depot  
  109  9:19  Refinery, Supply Depot  
  109  9:30  Missile Turret  
  109  9:32  Missile Turret  
  109  9:35  SCV  
  109  9:37  SCV  
  109  9:38  SCV  
  108  9:39  Cyclone x2, Hellion  
  108  9:40  Hellion  
  108  9:45  Missile Turret  
  114  9:48  SCV  
  114  9:49  Missile Turret  
  114  9:50  SCV x2  
  114  9:51  Cyclone x2  
  123  10:00  SCV, Supply Depot  
  123  10:02  SCV, Supply Depot  
  123  10:05  Missile Turret  
  125  10:12  Command Center  
  125  10:17  Supply Depot  
  125  10:20  Supply Depot  
  125  10:22  Cyclone, SCV x3  
  125  10:23  Cyclone x2, Hellion  
  125  10:24  Hellion  
  125  10:26  Terran Vehicle Weapons Level 1  
  141  10:36  Drilling Claws  
  141  10:39  SCV x3, Hellion  
  141  10:42  Supply Depot  
  146  10:44  Supply Depot  
  146  10:46  Missile Turret  
  146  10:48  Missile Turret  
  146  10:51  SCV x3, Sensor Tower  
  146  10:54  Cyclone, Widow Mine x2  
  156  10:57  Liberator  
  156  10:58  Liberator  
  156  11:00  Cyclone  
  156  11:03  Thor  
  161  11:06  SCV  
  162  11:11  SCV  
  162  11:13  Sensor Tower  
  162  11:15  SCV  
  162  11:16  Terran Vehicle And Ship Armor Level 2  
  170  11:20  Widow Mine  
  170  11:23  Infernal Pre-Igniter  
  172  11:28  SCV  
  172  11:32  Hi-Sec Auto Tracking  
  173  11:35  SCV  
  173  11:36  Widow Mine x2  
  163  12:09  Hellion x2  
  163  12:13  Siege Tank, Cyclone  
  163  12:14  Siege Tank  
  163  12:15  Siege Tank  
  163  12:17  SCV x2  
  162  12:31  Hellion  
  163  12:42  Orbital Command  
  154  12:55  Cyclone  
  148  13:32  Refinery  
  148  13:34  Refinery  
  148  13:38  Siege Tank  
  148  13:50  SCV, Hellion  
  148  13:51  SCV, Hellion  
  148  13:56  SCV  
  148  14:01  Hellion  
  148  14:05  Siege Tank  
  148  14:06  Hellion  
  148  14:08  SCV  
  116  14:10  Siege Tank  
  116  14:12  Hellion  
  116  14:13  Hellion  
  116  14:15  SCV x2  
  86  14:22  Hellion  
  86  14:23  SCV, Liberator  
  84  14:27  Hellion  
  86  14:33  Siege Tank  
  86  14:34  Hellion  
  86  14:36  SCV  
  86  14:37  Hellion, Sensor Tower  
  94  14:41  SCV  
  94  14:42  Hellion  
  94  14:43  Siege Tank  
  94  14:44  SCV  
  104  14:48  SCV  
  104  14:49  Hellion, Command Center  
  107  14:55  Hellion  
  107  14:58  Siege Tank, Planetary Fortress  
  112  15:03  SCV x2  
  114  15:08  Widow Mine x2  
  114  15:10  Hellion  
  114  15:12  Missile Turret  
  120  15:16  Cyclone  
  120  15:17  Hellion  
  120  15:20  Viking  
  127  15:21  Refinery x2  
  127  15:23  Viking  
  127  15:25  SCV  
  130  15:40  Siege Tank, Hellion x2  
  123  15:46  SCV x2  
  123  15:49  SCV  
  120  16:06  Missile Turret  
  120  16:10  Siege Tank  
  120  16:11  Hellion x3  
  129  16:18  Siege Tank, Hellion  
  134  16:27  Terran Vehicle Weapons Level 2  
  134  16:32  Widow Mine x2  
  138  16:37  Hellion  
  138  16:38  Viking  
  138  16:39  Cyclone  
  145  16:48  Smart Servos  
  145  16:49  SCV  
  140  16:58  Siege Tank, Hellion x3  
  140  16:59  SCV  
  150  17:09  Liberator  
  150  17:12  Siege Tank, Hellion  
  155  17:25  Starport Reactor  
  155  17:26  Missile Turret  
  158  17:31  Planetary Fortress  
  158  17:35  Hellion  
  157  17:40  SCV  
  158  17:45  Missile Turret  
  158  17:51  SCV x2  
  160  17:54  SCV x2  
  160  17:58  Sensor Tower  
  162  18:04  SCV  
  163  18:08  Terran Ship Weapons Level 1  
  163  18:12  Hellion x2  
  163  18:28  SCV x3, Hellion x2, Viking  
  163  18:30  Siege Tank  
  163  18:31  Viking  
  159  18:39  SCV, Hellion x2  
  163  18:52  Supply Depot  
  163  18:53  Supply Depot  
  163  19:00  SCV x3  
  163  19:06  Hellion  
  163  19:07  Hellion  
  163  19:14  Cyclone, Hellion x2  
  163  19:15  Thor  
  176  19:17  Viking  
  178  19:37  Viking  
  178  19:39  Viking  
  178  19:43  Thor  
  178  19:51  Viking  
  178  20:08  Viking  
  178  20:09  Thor, Viking  
  178  20:13  Hellion  
  179  20:14  Hellion  
  179  20:19  SCV  
  176  20:24  Refinery  
  176  20:25  Refinery  
  176  20:28  Viking  
  178  20:38  Viking  
  178  20:49  Viking  
  178  20:50  Thor  
  178  20:53  Thor  
  178  20:56  Thor  
  178  20:58  Hellion x2  
  178  20:59  Thor  
  114  21:20  Hellion  
Tags
 
Add a new tag
Caveats
  • Supply blocks, unpowered buildings, or Contaminate may cause inaccurate times.
  • Supply counts are checked every 10 seconds.